AoeStats
← Slippery|Pete|

Arena

508124961Analyzed
1v1 RM · 13d ago on Sep 21, 2026· 47m 55s· 2 players
Game mode
Random Map
Map size
Tiny (2 player)
Population
200
Speed
Normal
Resources
Standard
Victory
Conquest
Starting age
Dark Age
Ending age
Imperial Age
RankedLock teamsTeams togetherTeam positionsShared explorationLock speedFull tech treeHidden civsTurbo modeCheats
Victory
Defeat
🇨🇱 Wei · Chile
967
+34
🇺🇸 Britons · United States
976
-16
Elcaminodelmanco
11:38 Feudal Age
9:57 Loom
15:22 Castle Age
13:29 Double-Bit Axe
14:11 Stone Mining
14:13 Horse Collar
14:25 Loom
15:26 Gold Mining
17:03 Heavy Plow
22:49 Scale Barding Armor
23:27 Town Watch
24:44 Wheelbarrow
24:53 Bow Saw
28:30 Chain Barding Armor
28:22 Forging
29:36 Gold Shaft Mining
29:07 Tuntian
31:44 Hand Cart
35:42 Imperial Age
37:04 Ming Guang Armor
38:09 Crop Rotation
38:37 Heavy Scorpion
42:31 Chemistry
42:06 Ballistics
45:01 Fletching
45:47 Iron Casting
Slippery|Pete|
11:12 Feudal Age
15:14 Castle Age
13:11 Double-Bit Axe
13:29 Horse Collar
16:35 Bow Saw
16:29 Pikeman
18:08 Gold Mining
19:01 Fletching
20:22 Forging
21:54 Stone Mining
23:01 Squires
25:23 Gold Shaft Mining
24:26 Crossbowman
26:17 Wheelbarrow
30:44 Imperial Age
28:37 Ballistics
28:57 Gambesons
29:09 Bodkin Arrow
29:16 Scale Mail Armor
29:52 Iron Casting
29:17 Padded Archer Armor
31:52 Chain Mail Armor
36:17 Imperial Age
36:04 Leather Archer Armor
37:28 Bracer
37:54 Arbalester
40:02 Halberdier
42:37 Two-Man Saw
42:09 Conscription
43:13 Husbandry
45:35 Ring Archer Armor
Connection lost

Rejoining the realm…

Still unreachable

The connection could not be restored.

Session expired

The server has moved on; the page needs a fresh start.